 Dungeon Crawl Stone Soup version 0.16.1-4-g8e1b745 (webtiles) character file.

13076 inmateoo the Cleaver (level 11, -2/100 HPs)
             Began as a Deep Dwarf Fighter on Mar 27, 2015.
             Was an Elder of the Shining One.
             Hit by a large rock thrown by a cyclops (39 damage)
             ... on level 12 of the Dungeon.
             The game lasted 00:16:40 (10251 turns).

inmateoo the Cleaver (Deep Dwarf Fighter)          Turns: 10251, Time: 00:16:40

Health: -2/100     AC: 19    Str: 25    XL:     11   Next: 70%
Magic:  21/21      EV:  8    Int: 12    God:    the Shining One [****..]
Gold:   592        SH: 12    Dex:  8    Spells: 0 memorised, 10 levels left

rFire  + . .     SeeInvis +     e - +8 mithril axe "Arga" {speed, MR+ Str+2}
rCold  + . .     Clarity  .     q - +3 scale mail {rF+}
rNeg   + + .     SustAb   .     o - +1 shield of the Other World {rC+ rCorr Int+3 Dex-4 SInv}
rPois  +         Gourm    .     (no helmet)
rElec  .         Spirit   .     (no cloak)
rCorr  +         Warding  .     A - +0 pair of gloves (curse)
rMut   .         Stasis   .     g - +0 pair of boots
MR     ++...                    (no amulet)
Stlth  ..........               m - +5 ring of protection
                                w - ring of poison resistance

@: non-regenerating, glowing, very resistant to hostile enchantments, extremely
unstealthy
A: damage resistance, recharge devices, sense surroundings 2, slow healing 3
a: Device Recharging, Divine Shield, Cleansing Flame, Renounce Religion


You were on level 12 of the Dungeon.
You worshipped the Shining One.
The Shining One was greatly pleased with you.
You were hungry.

You visited 1 branch of the dungeon, and saw 12 of its levels.

You collected 745 gold pieces.
You spent 153 gold pieces at shops.

Inventory:

Hand weapons
 e - the +8 mithril axe "Arga" (weapon) {speed, MR+ Str+2}
   (You acquired it on level 12 of the Dungeon)

   Attacks with this weapon are significantly faster.
   It affects your strength (+2).
   It affects your resistance to hostile enchantments.
Armour
 g - a +0 pair of boots (worn)
 o - the +1 shield of the Other World (worn) {rC+ rCorr Int+3 Dex-4 SInv}
   (You found it on level 11 of the Dungeon)

   It affects your intelligence (+3).
   It affects your dexterity (-4).
   It protects you from cold.
   It enhances your eyesight.
   It protects you from acid and corrosion.
 q - a +3 scale mail of fire resistance (worn)
 A - a cursed +0 pair of gloves (worn)
Jewellery
 c - an uncursed ring of protection from fire
 l - an uncursed ring of teleport control
 m - a +5 ring of protection (right hand)
 w - a ring of poison resistance (left hand)
 F - an uncursed ring of protection from fire
Magical devices
 d - a wand of heal wounds (2)
 r - a wand of lightning (8)
 y - a wand of disintegration (2)
 B - a wand of disintegration (12)
 K - a wand of teleportation (4)
Scrolls
 b - a scroll of blinking
 h - 5 scrolls of teleportation
 i - 2 scrolls of fear
 s - a scroll of remove curse
 E - 2 scrolls of magic mapping
 I - a scroll of enchant weapon
Potions
 a - a potion of flight {unknown}
 j - a potion of resistance
 k - 3 potions of curing
 n - 3 potions of brilliance
 p - a potion of magic
 t - 2 potions of restore abilities
 u - a potion of ambrosia
 x - 3 potions of heal wounds
 z - 4 potions of haste
 M - a potion of cancellation
Miscellaneous
 C - a phial of floods (inert)
Comestibles
 f - 10 bread rations
 v - 4 meat rations
 D - a royal jelly
 G - 4 beef jerkies
 H - 10 slices of pizza


   Skills:
 + Level 7.3 Fighting
 * Level 11.3 Axes
 + Level 8.7 Armour
 + Level 8.6 Shields
 + Level 8.4 Invocations
 + Level 10.5 Evocations


You had 10 spell levels left.
You didn't know any spells.

Dungeon Overview and Level Annotations

Branches:
Dungeon (12/15)            Temple (0/1) D:4            Lair (0/8) D:8
    Orc (0/4) D:9

Altars:
Ashenzari
Elyvilon
Fedhas
Nemelex Xobeh
Ru
Sif Muna
Trog
Yredelemnul
The Shining One

Shops:
D:5 *

Annotations:
D:9 1 exclusion


Innate Abilities, Weirdness & Mutations

You are resistant to damage.
You can recharge devices by infusing magical energy.
You passively map the area around you.
You do not heal naturally.


Message History

You hit the troll!!
You kill the troll!
No target in view!
a - a silvery potion Read which item? (? for menu, Esc to quit)
Okay, then.
Found a ring mail.
You see here a ring mail.
You are feeling hungry.
A cyclops comes into view.
The cyclops shouts!
The cyclops throws a large rock.
The large rock hits you!!
You see here a large rock.
A cyclops is nearby!
The cyclops throws a large rock.
You block the large rock.
You see here a large rock.
You feel less vulnerable to hostile enchantments.
Unknown command.
The cyclops throws a large rock.
The large rock hits you!!!
You die...

#.#.#.####.#
.....†)....#
........<..#
..###.##...#***###
#.# #.##...... ..#
#.# #.##.#.#####C#
..###.##.#.# #.#
...##.##.>.# #.#
....#.##.#*# #@#
......##.# #.#
.........# #.#
...#.#* , #(#
..##.# #(# .###.#
#.# .# #.# * # #.#
.###.# #.# #.#
...#.###.#######.#


You could see a cyclops.

Vanquished Creatures
  An unseen horror (D:9)
  An ugly thing (D:11)
  5 hill giants
  A cyclops (D:11)
  A manticore (D:12)
  An efreet (D:11)
  Psyche (D:8)
  2 trolls
  Grinder (D:4)
  A two-headed ogre (D:10)
  A slime creature (D:7)
  A wraith (D:10)
  A wyvern (D:11)
  14 yaks
  A spriggan (D:9)
  2 hippogriffs (D:10)
  2 ice beasts
  4 phantoms
  An orc warrior (D:7)
  5 centaurs
  3 ogres
  A big kobold (D:9)
  A gnoll sergeant (D:6)
  3 giant frogs
  3 scorpions
  5 killer bees (D:8)
  11 jellies
  11 wights
  6 crimson imps
  2 goliath beetles (D:7)
  2 gnoll shamans
  4 orc priests
  5 orc wizards
  2 centaur zombies
  2 giant frog zombies
  5 hounds
  A centaur skeleton (D:6)
  2 giant frog skeletons
  5 iguanas
  8 worker ants
  Jessica (D:2)
  A hound skeleton (D:4)
  A mummy (D:9)
  2 worker ant zombies
  13 adders
  18 gnolls
  2 shadow imps (D:10)
  A white imp (D:4)
  3 worms
  An adder skeleton (D:4)
  2 giant geckos
  11 oozes
  41 orcs
  A ball python (D:6)
  17 bats
  A giant cockroach (D:1)
  16 hobgoblins
  6 jackals
  18 kobolds
  4 quokkas
  A giant gecko skeleton (D:5)
  4 giant newts
  15 goblins
  A goblin skeleton (D:4)
  A goblin zombie (D:4)
  4 hobgoblin zombies (D:4)
  A jackal skeleton (D:5)
  A jackal zombie (D:9)
  A kobold zombie (D:4)
  2 orc skeletons (D:4)
  An orc zombie (D:4)
  19 rats
  A ballistomycete (D:11)
341 creatures vanquished.

Vanquished Creatures (others)
  A wizard (D:11)
  A giant spore (D:11)
  5 fungi
  6 plants
13 creatures vanquished.

Grand Total: 354 creatures vanquished

Notes
Turn   | Place    | Note
--------------------------------------------------------------
     0 | D:1      | inmateoo, the Deep Dwarf Fighter, began the quest for the Orb.
     0 | D:1      | Reached XP level 1. HP: 20/20 MP: 1/1
    45 | D:1      | Reached XP level 2. HP: 25/27 MP: 2/2
   146 | D:1      | Reached skill level 1 in Evocations
   671 | D:2      | Noticed Jessica
   678 | D:2      | Killed Jessica
   678 | D:2      | Reached XP level 3. HP: 28/33 MP: 3/3
   695 | D:2      | Found a white marble altar of Elyvilon.
  1083 | D:2      | Reached XP level 4. HP: 21/42 MP: 5/5
  1106 | D:2      | Found a sparkling altar of Nemelex Xobeh.
  2370 | D:4      | Reached skill level 4 in Armour
  2395 | D:4      | Found a staircase to the Ecumenical Temple.
  2398 | D:4      | Reached XP level 5. HP: 47/49 MP: 7/7
  2416 | D:4      | Noticed Grinder
  2453 | D:4      | Killed Grinder
  2453 | D:4      | Reached XP level 6. HP: 28/57 MP: 9/9
  2506 | D:4      | Found a sacrificial altar of Ru.
  2563 | D:4      | Found a glowing golden altar of the Shining One.
  2584 | D:4      | Became a worshipper of the Shining One
  2719 | D:4      | Found a shattered altar of Ashenzari.
  2971 | D:4      | Reached skill level 5 in Axes
  2971 | D:4      | Reached XP level 7. HP: 38/63 MP: 9/11
  3496 | D:5      | Entered Level 5 of the Dungeon
  3593 | D:5      | Reached skill level 1 in Invocations
  3642 | D:5      | Found Zalaama's Assorted Antiques.
  3688 | D:5      | Bought a scroll labeled LEIM BINISK for 17 gold pieces
  3688 | D:5      | Bought a scroll labeled GUNYIRR OXZAGO for 17 gold pieces
  3688 | D:5      | Bought a shiny scale mail for 68 gold pieces
  3688 | D:5      | Bought 2 scrolls labeled VUT FUFAIFOIW for 34 gold pieces
  3688 | D:5      | Bought a scroll labeled LEIM BINISK for 17 gold pieces
  3838 | D:5      | Acquired the Shining One's first power
  3879 | D:5      | Reached skill level 5 in Armour
  4115 | D:5      | Found a basalt altar of Yredelemnul.
  4181 | D:5      | Reached skill level 5 in Evocations
  4256 | D:6      | Noticed a hill giant
  4273 | D:6      | Killed a hill giant
  4273 | D:6      | Reached skill level 6 in Axes
  4273 | D:6      | Reached skill level 5 in Shields
  4273 | D:6      | Reached XP level 8. HP: 39/73 MP: 15/15
  4618 | D:6      | Found a deep blue altar of Sif Muna.
  4801 | D:6      | Reached skill level 7 in Axes
  4823 | D:6      | Acquired the Shining One's second power
  4823 | D:6      | Reached skill level 5 in Fighting
  5003 | D:6      | Gained mutation: You passively map the area around you. [level up]
  5003 | D:6      | Reached XP level 9. HP: 52/81 MP: 16/18
  5434 | D:7      | Noticed a slime creature
  5446 | D:7      | Killed a slime creature
  5446 | D:7      | Reached skill level 5 in Invocations
  5448 | D:7      | Reached skill level 8 in Axes
  5924 | D:8      | Found a staircase to the Lair.
  6012 | D:8      | Noticed Psyche
  6050 | D:8      | Killed Psyche
  6050 | D:8      | Reached XP level 10. HP: 28/91 MP: 21/21
  6321 | D:8      | Reached skill level 9 in Axes
  7209 | D:9      | Noticed a hill giant
  7220 | D:9      | Killed a hill giant
  7300 | D:9      | Noticed an unseen horror
  7318 | D:9      | Killed an unseen horror
  7467 | D:9      | Found a staircase to the Orcish Mines.
  7730 | D:9      | Found a blossoming altar of Fedhas.
  7955 | D:9      | Reached skill level 10 in Axes
  8023 | D:10     | Entered Level 10 of the Dungeon
  8263 | D:10     | Noticed a hill giant
  8275 | D:10     | Killed a hill giant
  8275 | D:10     | Reached XP level 11. HP: 16/99 MP: 18/22
  8676 | D:10     | Noticed a hill giant
  8686 | D:10     | Killed a hill giant
  9113 | D:10     | Reached skill level 10 in Evocations
  9197 | D:11     | Noticed a hill giant
  9211 | D:11     | Killed a hill giant
  9221 | D:11     | Found a bloodstained altar of Trog.
  9221 | D:11     | Noticed a wizard
  9228 | D:11     | Killed a wizard
  9430 | D:11     | Got a faintly glowing shield
  9441 | D:11     | Identified the +1 shield of the Other World {rC+ rCorr Int+3 Dex-4 SInv} (You found it on level 11 of the Dungeon)
  9518 | D:11     | Acquired the Shining One's third power
  9675 | D:11     | Reached skill level 11 in Axes
 10163 | D:12     | Identified a scroll of acquirement
 10251 | D:12     | Hit by a large rock thrown by a cyclops

Action                   |  1- 3 |  4- 6 |  7- 9 | 10-12 || total
-------------------------+-------+-------+-------+-------++-------
Melee: War axe           |    91 |   163 |   471 |   499 ||  1224
       Broad axe         |       |       |       |     7 ||     7
Invok: Divine Shield     |       |       |       |     5 ||     5
 Abil: Device Recharging |       |       |       |     3 ||     3
Evoke: Wand              |       |     2 |    15 |    13 ||    30
       Phial of floods   |       |       |       |     1 ||     1
  Use: Scroll            |       |       |    23 |    10 ||    33
       Potion            |       |       |     2 |     2 ||     4
  Eat: Chunk             |     1 |     4 |    10 |     9 ||    24
       Pizza             |       |       |     2 |       ||     2
       Fruit             |       |       |       |     6 ||     6
